[Event "fics rated crazyhouse match"]
[Site "fics, Oklahoma City, OK USA"]
[Date "2000.02.01"]
[White "uvo"]
[WhiteElo "2172"]
[Black "Gnejs"]
[BlackElo "2438"]
[TimeControl "180+0"]
[Result "0-1"]

1. e4 e6 2. Nf3 Nc6 3. Nc3 Nf6 4. e5 Ng4 5. d4 d6 6. Bg5 
Be7 7. Bxe7 Qxe7 8. exd6 cxd6 9. Bb5 P@e3 10. fxe3 B@f2+ 11. Ke2 Nxe3 
12. Qd2 P@b4 13. Ne4 Ng4 14. Nxf2 Nxf2 15. Kxf2 N@e4+ 16. Ke2 Nxd2 17. Kxd2 
a6 18. Bd3 Nxd4 19. Nxd4 Qg5+ 20. Kd1 Q@d2# 
{uvo checkmated} 0-1

[Event "fics rated crazyhouse match"]
[Site "fics, Oklahoma City, OK USA"]
[Date "2000.02.01"]
[White "Gnejs"]
[WhiteElo "2441"]
[Black "Burgsvik"]
[BlackElo "2041"]
[TimeControl "180+0"]
[Result "1-0"]

1. e4 e6 2. d4 Nf6 3. e5 Ne4 4. Nh3 d6 5. Bd3 d5 6. Nd2 
Nxd2 7. Bxd2 Nc6 8. c3 h6 9. O-O Be7 10. f4 Bd7 11. N@h5 Bf8 
12. Qg4 N@f5 13. Bxf5 exf5 14. Nxg7+ Bxg7 15. Qxg7 N@g6 16. Qxh8+ Nxh8 17. R@g8+ 
Q@f8 18. Rxf8+ Kxf8 19. P@g7+ Kxg7 20. N@h5+ Kf8 21. Q@g7+ Ke8 22. Qxh8+ B@f8 
23. Ng7# 
{Burgsvik resigns} 1-0

[Event "fics rated crazyhouse match"]
[Site "fics, Oklahoma City, OK USA"]
[Date "2000.02.01"]
[White "Burgsvik"]
[WhiteElo "2039"]
[Black "Gnejs"]
[BlackElo "2443"]
[TimeControl "180+0"]
[Result "0-1"]

1. e4 e6 2. d4 Nc6 3. Bb5 Nf6 4. Bxc6 dxc6 5. Bg5 Be7 6. Bxf6 
Bxf6 7. Nf3 B@h5 8. N@b3 Bxf3 9. Qxf3 N@h4 10. Qg3 B@f4 11. Qh3 e5 
12. B@f5 exd4 13. Bxc8 Rxc8 14. B@d7+ Kf8 15. Bxc8 Nxg2+ 16. Kf1 P@f3 17. N@d7+ 
Qxd7 18. Qxf3 Qxc8 19. Qxg2 B@h3 
{Burgsvik resigns} 0-1

[Event "fics rated crazyhouse match"]
[Site "fics, Oklahoma City, OK USA"]
[Date "2000.02.01"]
[White "Gnejs"]
[WhiteElo "2445"]
[Black "Burgsvik"]
[BlackElo "2038"]
[TimeControl "180+0"]
[Result "1-0"]

1. e4 e6 2. d4 Nf6 3. e5 Nd5 4. Nf3 Bb4+ 5. c3 Be7 6. Bd3 
h6 7. O-O Bg5 8. c4 Nf4 9. Bxf4 Bxf4 10. N@h3 Bg5 11. Nc3 d6 
12. exd6 cxd6 13. P@g6 fxg6 14. Bxg6+ P@f7 15. Bxf7+ Kxf7 16. Ne4 P@f6 17. d5 
e5 18. P@e6+ Kf8 19. Nxd6 Qxd6 20. c5 Qxc5 21. Nfxg5 hxg5 22. Rc1 P@c4 
23. B@a3 B@b4 24. Bxb4 Qxb4 25. B@a3 Qxa3 26. bxa3 N@d6 27. Rxc4 Na6 28. Rxc8+ 
Rxc8 29. P@e7+ Kxe7 30. Q@d7+ Kf8 31. P@e7+ Kg8 32. P@f7+ Nxf7 33. exf7# 
{Burgsvik resigns} 1-0

[Event "fics rated crazyhouse match"]
[Site "fics, Oklahoma City, OK USA"]
[Date "2000.02.01"]
[White "Spank"]
[WhiteElo "2106"]
[Black "LSS"]
[BlackElo "2392"]
[TimeControl "180+0"]
[Result "1-0"]

1. e4 e6 2. d4 Nc6 3. Be3 Nce7 4. Nf3 d5 5. Nbd2 Ng6 6. Ng5 
Be7 7. Nxf7 Kxf7 8. P@h5 Nf8 9. Qf3+ Nf6 10. e5 N@h4 11. Qf4 Nf5 
12. exf6 Bxf6 13. N@b5 P@d6 14. Bd3 a6 15. Bxf5 exf5 16. Nc3 B@g5 17. Qf3 
Bxe3 18. Qxe3 Ne6 19. Nxd5 B@g5 20. Qd3 Bxd2+ 21. Qxd2 N@e4 22. Qb4 Bxd4 
23. P@g6+ hxg6 24. hxg6+ Kf8 25. P@e7+ Qxe7 26. Nxe7 Bxf2+ 27. Kd1 N6g5 28. Q@d8# 
{LSS checkmated} 1-0

[Event "fics rated crazyhouse match"]
[Site "fics, Oklahoma City, OK USA"]
[Date "2000.02.01"]
[White "LSS"]
[WhiteElo "2379"]
[Black "Spank"]
[BlackElo "2138"]
[TimeControl "180+0"]
[Result "1-0"]

1. e4 e6 2. d4 Nc6 3. Nf3 Nf6 4. Bd3 Ng4 5. O-O d5 6. exd5 
Qxd5 7. c4 Qd7 8. P@h3 Nf6 9. Be3 P@e4 10. Bxe4 Nxe4 11. d5 exd5 
12. cxd5 Nb4 13. Nc3 Nxc3 14. bxc3 Nxd5 15. Ne5 Nxc3 16. Nxd7 N@e2+ 17. Kh1 
Bxd7 18. Qxd7+ Kxd7 19. N@e5+ Ke6 20. Q@d7+ Kxe5 21. P@d4+ Nxd4 22. Bxd4+ Ke4 
23. Rae1+ P@e2 24. B@f5+ Kf4 25. P@g3+ Kg5 26. h4+ Kh6 27. N@g4+ Kh5 28. Qxf7+ 
B@g6 29. Nf6+ gxf6 30. P@g4+ Kh6 31. Be3+ N@g5 32. hxg5+ fxg5 33. Bxg5+ Kxg5 
34. h4+ Kh6 35. P@g5# 
{Spank checkmated} 1-0

[Event "fics rated crazyhouse match"]
[Site "fics, Oklahoma City, OK USA"]
[Date "2000.02.01"]
[White "Spank"]
[WhiteElo "2131"]
[Black "LSS"]
[BlackElo "2382"]
[TimeControl "180+0"]
[Result "0-1"]

1. e4 e6 2. d4 Nc6 3. Be3 Nce7 4. Nf3 d5 5. Bb5+ c6 6. Bd3 
dxe4 7. Bxe4 Nf6 8. Ng5 Nxe4 9. Nxe4 Nf5 10. N@c4 P@d5 11. Nbd2 dxe4 
12. Nxe4 B@d5 13. Bg5 f6 14. Bxf6 gxf6 15. P@c7 Qxc7 16. Nxf6+ Kd8 17. Nxd5 
exd5 18. B@f6+ B@e7 19. Be5 P@d6 20. Bxh8 dxc4 21. P@f7 Qa5+ 22. P@c3 N@h4 
23. R@e8+ Kd7 24. Rg1 N@g6 25. P@e6+ Kxe6 26. Rxf8 Bxf8 27. B@e2 Nxh8 28. Bxc4+ 
P@d5 29. b4 Qc7 30. P@e4 Kxf7 31. exf5 Bxf5 32. Qh5+ N8g6 33. Qxh7+ R@g7 
34. P@e6+ Kxe6 35. Qh6 P@d2+ 36. Qxd2 N@e4 37. N@g5+ Nxg5 38. Bxd5+ cxd5 39. Kf1 
B@f4 40. P@e3 Bxh2 41. Rh1 P@f3 42. Rxh2 P@e2+ 43. Kg1 fxg2 44. Rxh4 N@f3+ 
45. Kxg2 Nfxh4+ 46. Kh1 P@g2+ 47. Kh2 Ngf3+ 48. Kg3 B@h2# 
{Spank checkmated} 0-1

[Event "fics rated crazyhouse match"]
[Site "fics, Oklahoma City, OK USA"]
[Date "2000.02.01"]
[White "LSS"]
[WhiteElo "2385"]
[Black "Spank"]
[BlackElo "2124"]
[TimeControl "180+3"]
[Result "1-0"]

1. e4 e6 2. d4 Nf6 3. Bd3 d6 4. Nf3 d5 5. e5 Ng4 6. O-O 
Nc6 7. c3 f6 8. exf6 Qxf6 9. Bg5 Qf7 10. h3 Nxf2 11. Rxf2 P@g3 
12. Rf1 P@f2+ 13. Kh1 Be7 14. Bxe7 Qxe7 15. B@h4 Qd6 16. P@e5 Nxe5 17. dxe5 
Qb6 18. Bxg3 Qxb2 19. N@h5 B@h6 20. P@f6 g6 21. Ng7+ Bxg7 22. fxg7 Rg8 
23. N@f6+ Kf7 24. Nxg8 Kxg7 25. B@h6+ Kh8 26. Rxf2 N@f5 27. Bxf5 Qa3 28. P@g7+ 
Kxg8 29. R@f8+ Qxf8 30. gxf8=R# 
{Spank checkmated} 1-0

[Event "fics rated crazyhouse match"]
[Site "fics, Oklahoma City, OK USA"]
[Date "2000.02.01"]
[White "MrBug"]
[WhiteElo "2125"]
[Black "LSS"]
[BlackElo "2390"]
[TimeControl "180+0"]
[Result "0-1"]

1. e4 e6 2. d4 d5 3. exd5 exd5 4. Bb5+ P@c6 5. Qe2+ Qe7 6. Bd3 
Bg4 7. f3 Bc8 8. Bf4 Nf6 9. Qxe7+ Bxe7 10. Bxc7 O-O 11. Ne2 Na6 
12. Bg3 Nb4 13. Nbc3 Nxd3+ 14. cxd3 Bf5 15. P@c2 Bb4 16. O-O Rfe8 17. Be5 
B@e7 18. Ng3 Bg6 19. P@g5 Bxc3 20. bxc3 Q@e3+ 21. Kh1 Qxg5 22. N@h3 Qh4 
23. B@g5 Qxh3 24. gxh3 N@d7 25. Rae1 h6 26. Bgxf6 Bxf6 27. Bxf6 Nxf6 28. B@e7 
P@d2 29. Re2 N@f4 30. Rxd2 B@g2+ 31. Rxg2 Nxg2 32. Kxg2 R@d2+ 33. N@f2 Rxe7 
34. B@e5 Rxc2 35. Bxf6 gxf6 36. N@h5 P@g7 37. N@g4 B@e3 38. Ngxf6+ gxf6 39. Nxf6+ 
Kg7 40. Ngh5+ Bxh5 41. Nxh5+ Kf8 42. Q@g7+ Ke8 
{MrBug forfeits on time} 0-1

[Event "fics rated crazyhouse match"]
[Site "fics, Oklahoma City, OK USA"]
[Date "2000.02.01"]
[White "Grateful"]
[WhiteElo "2062"]
[Black "LSS"]
[BlackElo "2394"]
[TimeControl "180+0"]
[Result "0-1"]

1. e4 e6 2. d4 d5 3. e5 Ne7 4. Bg5 h6 5. Bxe7 Qxe7 6. Nh3 
Qb4+ 7. Nc3 Qxb2 8. N@a4 Bb4 9. Nxb2 Bxc3+ 10. Ke2 Bxb2 11. Q@b5+ Nc6 
12. Qxb2 B@g4+ 13. B@f3 Bxh3 14. gxh3 P@e4 15. Bh5 N@f4+ 16. Kd2 Nxh5 17. Qxh5 
N@f3+ 18. Kd1 Nfxd4 19. Rg1 B@f3+ 20. Qxf3 exf3 21. B@h5 P@e2+ 22. Bxe2 fxe2+ 
23. Bxe2 Nxe2 24. Rxg7 N@c3+ 25. Ke1 B@h4 26. N@f6+ Bxf6 27. exf6 N@f3+ 28. Kf1 
Q@h1+ 29. B@g1 Nxh2+ 30. Ke1 Nf3+ 31. Kf1 Nexg1 32. Qxc3 P@e2# 
{Grateful checkmated} 0-1

[Event "fics rated crazyhouse match"]
[Site "fics, Oklahoma City, OK USA"]
[Date "2000.02.01"]
[White "LSS"]
[WhiteElo "2396"]
[Black "Grateful"]
[BlackElo "2060"]
[TimeControl "180+0"]
[Result "1-0"]

1. e4 Nf6 2. Nc3 e5 3. Bc4 Nc6 4. Nf3 Bc5 5. Bxf7+ Kxf7 6. P@d5 
Bxf2+ 7. Kxf2 Ng4+ 8. Kf1 d6 9. dxc6 bxc6 10. B@b3+ B@e6 11. N@g5+ Kg6 
12. Nxe6 Bxe6 13. Bxe6 Nxh2+ 14. Rxh2 N@g3+ 15. Kg1 P@e2 16. B@f7+ Kf6 17. B@g5# 
{Grateful checkmated} 1-0

[Event "fics rated crazyhouse match"]
[Site "fics, Oklahoma City, OK USA"]
[Date "2000.02.01"]
[White "Grateful"]
[WhiteElo "2058"]
[Black "LSS"]
[BlackElo "2398"]
[TimeControl "180+0"]
[Result "0-1"]

1. e4 e6 2. d4 d5 3. e5 Ne7 4. Bg5 h6 5. Bxe7 Qxe7 6. N@h5 
Qb4+ 7. Qd2 Qxb2 8. Qc3 B@b4 9. Qxb4 Bxb4+ 10. B@d2 Bxd2+ 11. Nxd2 Qxa1+ 
12. B@b1 R@c1+ 13. Ke2 B@g4+ 14. f3 Q@e1+ 15. Kd3 Bxh5 16. Ne2 Nc6 17. g4 
Bg6+ 18. Ke3 Qxd4# 
{Grateful checkmated} 0-1

[Event "fics rated crazyhouse match"]
[Site "fics, Oklahoma City, OK USA"]
[Date "2000.02.01"]
[White "LSS"]
[WhiteElo "2400"]
[Black "Grateful"]
[BlackElo "2056"]
[TimeControl "180+0"]
[Result "1-0"]

1. e4 e5 2. Nf3 Nf6 3. Nxe5 Nc6 4. Nxc6 dxc6 5. Nc3 Bb4 6. d3 
Nxe4 7. dxe4 Qxd1+ 8. Kxd1 Bg4+ 9. P@f3 O-O-O+ 10. N@d3 Bxc3 11. bxc3 P@c4 
12. Q@a8+ Q@b8 13. Qxb8+ Kxb8 14. Rb1 N@b6 15. Bf4 cxd3 16. Bxc7+ Kxc7 17. B@f4+ 
B@d6 18. Bxd6+ Rxd6 19. Bxd3 B@e2+ 20. Ke1 Bxd3 21. cxd3 B@d2+ 22. Kf1 Bxf3 
23. Q@e7+ Q@d7 24. Qxd7+ Rxd7 25. B@g3+ P@f4 26. B@e5+ N@d6 27. gxf3 fxg3 28. hxg3 
f6 29. Bxd6+ Rxd6 30. P@c5 Rxd3 31. P@d6+ Kb8 32. P@c7+ Ka8 33. Q@b8+ Rxb8 
34. cxb8=Q+ Kxb8 35. B@c7+ Kc8 36. R@d8# 
{Grateful checkmated} 1-0

[Event "fics rated crazyhouse match"]
[Site "fics, Oklahoma City, OK USA"]
[Date "2000.02.01"]
[White "LINDEGREN"]
[WhiteElo "2289"]
[Black "Tecumseh"]
[BlackElo "2221"]
[TimeControl "120+0"]
[Result "0-1"]

1. e4 Nc6 2. Nc3 Nf6 3. d4 d5 4. exd5 Nxd5 5. Nf3 Bg4 6. Bb5 
e6 7. P@e4 Nxc3 8. bxc3 N@h4 9. Nxh4 Bxd1 10. Kxd1 Qxh4 11. N@g3 N@g4 
12. B@e3 Nxe3+ 13. Bxe3 P@b2 14. Rb1 Ba3 15. N@e5 O-O 16. Bxc6 bxc6 17. Nxc6 
B@h5+ 18. f3 Bxf3+ 19. gxf3 P@g2 20. Re1 Qxh2 21. P@f6 Qxg3 22. N@e7+ Kh8 
23. fxg7+ Qxg7 24. B@h6 P@e2+ 25. Kxe2 B@c4+ 26. P@d3 N@g3+ 27. Kd2 Nf1+ 28. Ke2 
Ng3+ 29. Kf2 Nh1+ 30. Ke2 g1=N+ 31. Rxg1 Q@h2+ 32. P@f2 Ng3+ 33. Kd2 Qgxh6 
34. Bxh6 Qxf2# 
{LINDEGREN resigns} 0-1

[Event "fics rated crazyhouse match"]
[Site "fics, Oklahoma City, OK USA"]
[Date "2000.02.01"]
[White "Bobeskillz"]
[WhiteElo "2132"]
[Black "LINDEGREN"]
[BlackElo "2285"]
[TimeControl "120+0"]
[Result "0-1"]

1. e4 Nf6 2. Nc3 e6 3. e5 Nd5 4. Nf3 d6 5. d4 Nc6 6. Bd3 
Be7 7. O-O dxe5 8. dxe5 P@g4 9. Nxd5 exd5 10. N@h5 Bf8 11. Bg5 Qd7 
12. Bb5 gxf3 13. Bxc6 Qxc6 14. Qxf3 B@e7 15. Bxe7 N@d2 16. N@f6+ gxf6 17. Nxf6+ 
Kxe7 18. Nxd5+ Kd8 19. B@g5+ B@e7 20. Bxd2 N@h4 21. Qe4 Bf5 22. Qd4 N@e2+ 
23. Kh1 Nxd4 24. Nxe7 Qxg2# 
{Bobeskillz checkmated} 0-1

[Event "fics rated crazyhouse match"]
[Site "fics, Oklahoma City, OK USA"]
[Date "2000.02.01"]
[White "LINDEGREN"]
[WhiteElo "2290"]
[Black "Bobeskillz"]
[BlackElo "2127"]
[TimeControl "120+0"]
[Result "1-0"]

1. e4 e6 2. Nc3 Nc6 3. d4 Bb4 4. Nf3 Nf6 5. Bd3 d5 6. exd5 
exd5 7. Qe2+ P@e4 8. Bb5 Bg4 9. Bxc6+ bxc6 10. N@e5 B@b5 11. P@d3 Qe7 
12. Nxg4 Nxg4 13. O-O exf3 14. Qxf3 Bxc3 15. Qxg4 Bxd4 16. P@d7+ Kf8 17. N@f5 
Qf6 18. Nxd4 
{Bobeskillz forfeits on time} 1-0

[Event "fics rated crazyhouse match"]
[Site "fics, Oklahoma City, OK USA"]
[Date "2000.02.01"]
[White "Bobeskillz"]
[WhiteElo "2122"]
[Black "LINDEGREN"]
[BlackElo "2295"]
[TimeControl "120+0"]
[Result "0-1"]

1. e4 Nf6 2. Nc3 e6 3. e5 Nd5 4. Nf3 Nc6 5. d4 Bb4 6. Bd2 
Bxc3 7. bxc3 d6 8. B@h4 Qd7 9. c4 Ndb4 10. Be2 N@f5 11. Bg3 Nxc2+ 
12. Qxc2 Ncxd4 13. Nxd4 Nxd4 14. Qe4 P@b2 15. O-O bxa1=Q 16. Rxa1 Nxe2+ 17. Qxe2 
N@d4 18. Qg4 P@b2 19. Re1 R@a1 20. Qxg7 Rxe1+ 21. Bxe1 Ne2+ 22. Kf1 R@g1+ 
23. Kxe2 Rxe1+ 24. Kxe1 b1=Q+ 25. N@d1 B@b4+ 26. P@d2 Bxd2+ 27. Kxd2 dxe5+ 28. P@d5 
B@b4# 
{Bobeskillz forfeits on time} 0-1

[Event "fics rated crazyhouse match"]
[Site "fics, Oklahoma City, OK USA"]
[Date "2001.02.01"]
[White "Blechkiste"]
[WhiteElo "2530"]
[Black "liveZ"]
[BlackElo "2328"]
[TimeControl "180+0"]
[Result "1-0"]

1. e4 e6 2. d4 d5 3. exd5 exd5 4. Bb5+ Bd7 5. Qe2+ Be7 6. Bxd7+ 
Nxd7 7. P@e6 fxe6 8. Qxe6 B@f7 9. Qe2 Ngf6 10. P@e6 Bxe6 11. Qxe6 P@f7 
12. Qe2 Ne4 13. Qb5 Bb4+ 14. Qxb4 P@c5 15. Qxb7 cxd4 16. Qxd5 
{liveZ resigns} 1-0

[Event "fics rated crazyhouse match"]
[Site "fics, Oklahoma City, OK USA"]
[Date "2001.02.01"]
[White "liveZ"]
[WhiteElo "2324"]
[Black "Blechkiste"]
[BlackElo "2534"]
[TimeControl "180+0"]
[Result "1-0"]

1. e4 e6 2. d4 d6 3. Nf3 Nf6 4. Nc3 Nc6 5. Bg5 h6 6. Bxf6 
gxf6 7. d5 exd5 8. exd5 Nb8 9. Bc4 Qe7+ 10. Qe2 P@e5 11. P@e6 fxe6 
12. dxe6 Bxe6 13. Bxe6 Qxe6 14. B@d5 Qc8 15. P@f7+ Kd8 16. N@g6 P@d2+ 17. Nxd2 
P@e3 18. fxe3 B@a6 19. Nxh8 B@d7 20. P@d3 c6 21. R@g8 Kc7 22. Ng6 Bxd3 
23. cxd3 Bg4 24. P@f3 Nd7 25. fxg4 Kb8 26. Be6 Kc7 27. B@f5 P@h3 28. gxh3 
Qd8 29. Bxd7 Qxd7 30. Bxd7 Kxd7 31. Nxf8+ Rxf8 32. Q@e8+ Rxe8 33. fxe8=Q+ Kc7 
34. Qd8# 
{Blechkiste checkmated} 1-0

[Event "fics rated crazyhouse match"]
[Site "fics, Oklahoma City, OK USA"]
[Date "2001.02.01"]
[White "Blechkiste"]
[WhiteElo "2525"]
[Black "Fudpucker"]
[BlackElo "2183"]
[TimeControl "180+0"]
[Result "0-1"]

1. e4 e6 2. d4 Nc6 3. Be3 Nf6 4. Bd3 d6 5. Nc3 Be7 6. Be2 
O-O 7. d5 Ne5 8. dxe6 Bxe6 9. P@h6 gxh6 10. Bxh6 Neg4 11. Bxf8 Qxf8 
12. R@g5+ P@g6 13. Rxg4 Bxg4 14. Bxg4 Nxg4 15. Qxg4 B@h5 16. Qd7 P@d4 17. Nd5 
B@f6 18. P@g7 Qxg7 19. Nxe7+ Bxe7 20. Qxe7 P@e3 21. N@f6+ Kh8 22. f4 N@b4 
23. Nxh5 Nxc2+ 24. Kd1 Nxa1 25. Nh3 R@d2+ 26. Kc1 R@c2+ 27. Kb1 Rxb2+ 28. Kxa1 
Rxa2+ 29. Kb1 gxh5 30. N@g6+ hxg6 31. Qd8+ Rxd8 32. B@b2 Q@c2+ 33. Kxa2 Qxb2# 
{Blechkiste checkmated} 0-1

[Event "fics rated crazyhouse match"]
[Site "fics, Oklahoma City, OK USA"]
[Date "2001.02.01"]
[White "tantheman"]
[WhiteElo "2291"]
[Black "PureBugger"]
[BlackElo "2354"]
[TimeControl "180+0"]
[Result "0-1"]

1. e4 e6 2. Nc3 Nc6 3. Nf3 Bb4 4. d4 Nf6 5. Bd3 d5 6. e5 
Ne4 7. Bd2 Bxc3 8. bxc3 Nxd2 9. Qxd2 N@e4 10. Bxe4 dxe4 11. Ng5 B@b2 
12. O-O Bxa1 13. Rxa1 B@b2 14. Rf1 Bxc3 15. Qxc3 Qxg5 16. N@g3 Qxg3 17. hxg3 
N@e2+ 18. Kh1 Nxc3 19. B@h5 P@f3 20. gxf3 R@h3+ 21. B@h2 Rxh5 22. B@g4 B@h3 
23. Bxh3 Rxh3 24. B@g4 B@e2 25. Bxh3 exf3 26. N@f4 P@g2+ 27. Nxg2 Bxf1 28. R@g1 
fxg2+ 29. Rxg2 Bxg2+ 30. Bxg2 R@e1+ 31. B@g1 Ne2 32. P@e7 Bd7 33. P@f6 Nxg3+ 
34. Bxg3 Rxg1+ 35. Kxg1 N@e2+ 36. Kf1 Q@d1# 
{tantheman resigns} 0-1

[Event "fics rated crazyhouse match"]
[Site "fics, Oklahoma City, OK USA"]
[Date "2001.02.01"]
[White "PureBugger"]
[WhiteElo "2372"]
[Black "tantheman"]
[BlackElo "2284"]
[TimeControl "180+0"]
[Result "1-0"]

1. e4 e6 2. d4 b6 3. Nc3 Bb7 4. Bd3 Nc6 5. Nf3 Nb4 6. O-O 
Nxd3 7. cxd3 B@a5 8. Bg5 Be7 9. Bxe7 Qxe7 10. B@h4 f6 11. e5 Bxc3 
12. bxc3 B@h5 13. N@f4 Bhxf3 14. gxf3 O-O-O 15. B@b4 d6 16. exd6 cxd6 17. P@e5 
P@c7 18. B@a3 N@f5 19. Bg3 g5 20. exd6 cxd6 21. Nh5 g4 22. P@g2 P@h3 
23. fxg4 hxg2 24. P@e4 gxf1=Q+ 25. Qxf1 N@f3+ 26. Kh1 P@g2+ 27. Qxg2 N3h4 28. Bxh4 
Nxh4 29. Qg3 B@f3+ 30. Qxf3 Nxf3 31. P@g2 R@e1+ 32. Rxe1 Nxe1 33. P@a6 Bxa6 
34. N@c6 Qc7 35. R@a8+ Kb7 36. Rxd8 P@f3 37. R@b8+ Kxc6 38. d5+ exd5 39. exd5+ 
Kxd5 40. P@e4+ Ke6 41. B@d5+ Ke5 42. d4# 
{tantheman checkmated} 1-0

[Event "fics rated crazyhouse match"]
[Site "fics, Oklahoma City, OK USA"]
[Date "2001.02.01"]
[White "tantheman"]
[WhiteElo "2278"]
[Black "PureBugger"]
[BlackElo "2387"]
[TimeControl "180+0"]
[Result "1-0"]

1. e4 e6 2. Nc3 Nc6 3. Nf3 Bb4 4. Be2 Nf6 5. e5 Nd5 6. O-O 
Nf4 7. d4 Nxe2+ 8. Nxe2 B@h5 9. Ng3 Bxf3 10. gxf3 d6 11. exd6 Qxd6 
12. P@e5 Qxd4 13. Qxd4 Nxd4 14. B@h5 P@g2 15. Bxf7+ Kd8 16. Q@h4+ Be7 17. Qxd4+ 
Bd7 18. Bxe6 gxf1=Q+ 19. Kxf1 P@g2+ 20. Kxg2 N@e1+ 21. Kf1 R@g1+ 22. Ke2 Q@b5+ 
23. P@c4 Nxf3 24. Kxf3 P@g4+ 25. Bxg4 Rxg3+ 26. Kxg3 Bd6 27. N@f7+ Kc8 28. cxb5 
Bxg4 29. Nxd6+ cxd6 30. R@c7+ Kb8 31. N@a6+ bxa6 32. Q@b7# 
{PureBugger checkmated} 1-0

[Event "fics rated crazyhouse match"]
[Site "fics, Oklahoma City, OK USA"]
[Date "2001.02.01"]
[White "PureBugger"]
[WhiteElo "2362"]
[Black "tantheman"]
[BlackElo "2288"]
[TimeControl "180+0"]
[Result "0-1"]

1. e4 e6 2. d4 b6 3. Nc3 Bb7 4. Bd3 Nf6 5. Nf3 Bb4 6. Bg5 
Nxe4 7. Bxd8 Nxc3 8. bxc3 Bxc3+ 9. N@d2 Kxd8 10. O-O P@f6 11. Ne4 Bxa1 
12. Qxa1 B@d5 13. B@a3 Bxe4 14. Q@e7+ Kc8 15. Bxe4 Bxe4 16. B@h3 N@f4 17. Qxf7 
Nxh3+ 18. Kh1 Bxf3 19. gxf3 N@f4 20. Qxg7 P@g2+ 21. Qxg2 Nxg2 22. P@g7 R@g1+ 
23. Rxg1 Nxf2+ 24. Kxg2 N@f4+ 25. Kxf2 B@h4+ 26. Ke3 B@f2+ 27. Kxf4 Q@f5# 
{PureBugger checkmated} 0-1

[Event "fics rated crazyhouse match"]
[Site "fics, Oklahoma City, OK USA"]
[Date "2001.02.01"]
[White "tantheman"]
[WhiteElo "2298"]
[Black "PureBugger"]
[BlackElo "2340"]
[TimeControl "180+0"]
[Result "0-1"]

1. e4 e6 2. Nc3 Nc6 3. Nf3 Nf6 4. d4 Bb4 5. Bd3 d5 6. exd5 
exd5 7. O-O P@e4 8. Bb5 Bg4 9. Ne5 Bxd1 10. Nxd1 O-O 11. Bxc6 bxc6 
12. Nxc6 Qd6 13. B@e5 Qxc6 14. P@h6 N@e2+ 15. Kh1 B@f3 16. Ne3 Bxg2+ 17. Nxg2 
P@h3 18. Nh4 gxh6 19. f4 P@g2+ 20. Nxg2 hxg2+ 21. Kxg2 N@h4+ 22. Kf2 Q@f3# 
{tantheman checkmated} 0-1

[Event "fics rated crazyhouse match"]
[Site "fics, Oklahoma City, OK USA"]
[Date "2001.02.01"]
[White "PureBugger"]
[WhiteElo "2355"]
[Black "tantheman"]
[BlackElo "2291"]
[TimeControl "180+0"]
[Result "1-0"]

1. e4 e6 2. d4 d5 3. exd5 exd5 4. Nc3 Nc6 5. Bb5 Bb4 6. Qe2+ 
P@e4 7. Bf4 Bd7 8. Bxc6 bxc6 9. N@h5 B@f8 10. Nf3 Nf6 11. Ne5 Nxh5 
12. Nxf7 Nxf4 13. Nxh8 Nxe2 14. P@f7+ Ke7 15. Kxe2 N@f4+ 16. Kd1 B@h5+ 17. Kc1 
Bxc3 18. N@g8+ Ke6 19. R@e5+ Kd6 20. P@c5# 
{tantheman checkmated} 1-0

[Event "fics rated crazyhouse match"]
[Site "fics, Oklahoma City, OK USA"]
[Date "2000.02.02"]
[White "Gnejs"]
[WhiteElo "2447"]
[Black "Burgsvik"]
[BlackElo "2035"]
[TimeControl "180+0"]
[Result "1-0"]

1. e4 e6 2. d4 Nf6 3. e5 Ne4 4. Nh3 d6 5. Bd3 d5 6. Nd2 
Nxd2 7. Bxd2 h6 8. O-O Nc6 9. c3 Bd7 10. f4 N@e4 11. Qe2 Nxd2 
12. Qxd2 Be7 13. Rae1 B@c4 14. Bxc4 dxc4 15. N@h5 Bf8 16. f5 B@g5 17. Nxg5 
hxg5 18. N@f6+ gxf6 19. Nxf6+ Ke7 20. B@a3+ N@d6 21. exd6+ Kxf6 22. B@e5+ Nxe5 
23. dxe5+ Kg7 24. f6+ Kg6 25. P@g7 Bxg7 26. fxg7 B@b6+ 27. N@d4 Bxd4+ 28. cxd4 
Rxh2 29. N@e7+ Qxe7 30. dxe7 Rh1+ 31. Kxh1 N@g3+ 32. Kg1 P@h2+ 33. Kxh2 Nxf1+ 
34. Rxf1 N@g4+ 35. Kg3 P@f4+ 36. Kf3 Nh2+ 37. Ke2 N@g3+ 38. Kd1 R@a1+ 39. B@c1 
Rxc1+ 40. Kxc1 N@e2+ 41. Kb1 B@d3+ 42. Ka1 Nf5 43. Q@f6+ Kh5 44. R@h3+ Kg4 
45. B@h5# 
{Burgsvik checkmated} 1-0

[Event "fics rated crazyhouse match"]
[Site "fics, Oklahoma City, OK USA"]
[Date "2000.02.02"]
[White "Burgsvik"]
[WhiteElo "2034"]
[Black "Gnejs"]
[BlackElo "2449"]
[TimeControl "180+0"]
[Result "0-1"]

1. e4 Nf6 2. Nc3 d5 3. e5 Ne4 4. Nxe4 dxe4 5. Bc4 e6 6. d4 
Nc6 7. Bb5 Bd7 8. Be3 Nxe5 9. dxe5 Bxb5 10. Qxd8+ Rxd8 11. N@c3 Q@f1# 
{Burgsvik checkmated} 0-1

[Event "fics rated crazyhouse match"]
[Site "fics, Oklahoma City, OK USA"]
[Date "2000.02.02"]
[White "Gnejs"]
[WhiteElo "2451"]
[Black "Burgsvik"]
[BlackElo "2033"]
[TimeControl "180+0"]
[Result "1-0"]

1. e4 Nf6 2. Nc3 e5 3. Nf3 Nc6 4. Bc4 Bb4 5. d3 d6 6. h3 
Bxc3+ 7. bxc3 N@f4 8. Bxf4 exf4 9. B@g5 B@g3 10. fxg3 fxg3 11. B@h4 P@f2+ 
12. Kf1 Ne5 13. Nxe5 dxe5 14. N@e3 N@f4 15. Bxf6 gxf6 16. Bxf7+ Kxf7 17. N@h6+ 
Kg7 18. N@f5+ Bxf5 19. Nexf5+ Kf8 20. P@g7# 
{Burgsvik resigns} 1-0

[Event "fics rated crazyhouse match"]
[Site "fics, Oklahoma City, OK USA"]
[Date "2000.02.02"]
[White "Burgsvik"]
[WhiteElo "2032"]
[Black "Gnejs"]
[BlackElo "2453"]
[TimeControl "180+0"]
[Result "0-1"]

1. e4 Nf6 2. e5 Nd5 3. Bc4 e6 4. Bxd5 exd5 5. d4 Nc6 6. Nf3 
d6 7. Nc3 dxe5 8. Nxe5 Nxe5 9. dxe5 N@h4 10. N@f4 B@g4 11. P@f3 Bge6 
12. N@d4 P@g5 13. Ndxe6 Bxe6 14. Nxe6 Nxg2+ 15. Kf1 fxe6 16. B@h3 N@f4 17. Bxg2 
Nxg2 18. B@h3 N@f4 19. Bxg2 Nxg2 20. N@h3 Nh4 21. Rg1 P@g2+ 22. Rxg2 Nxg2 
23. Kxg2 B@f5 24. P@f7+ Kxf7 25. Nxg5+ Qxg5+ 26. Bxg5 B@h3+ 27. Kg3 R@g2+ 28. Kf4 
Rxg5 29. Q@d7+ Be7 30. Ke3 B@f4+ 31. Ke2 P@d3+ 32. cxd3 N@d4+ 33. Ke1 Rg1# 
{Burgsvik resigns} 0-1

[Event "fics rated crazyhouse match"]
[Site "fics, Oklahoma City, OK USA"]
[Date "2000.02.02"]
[White "Firefly"]
[WhiteElo "2531"]
[Black "ChessBritiania"]
[BlackElo "2156"]
[TimeControl "120+0"]
[Result "1-0"]

1. e4 Nc6 2. Nc3 Nf6 3. d4 e6 4. e5 Nd5 5. Nxd5 exd5 6. Nf3 
d6 7. Bb5 dxe5 8. Nxe5 Bd7 9. Nxd7 Qxd7 10. Bxc6 bxc6 11. N@e5 Qe7 
12. P@d7+ Kd8 13. N@b7# 
{ChessBritiania checkmated} 1-0

[Event "fics rated crazyhouse match"]
[Site "fics, Oklahoma City, OK USA"]
[Date "2000.02.02"]
[White "ChessBritiania"]
[WhiteElo "2154"]
[Black "Firefly"]
[BlackElo "2533"]
[TimeControl "120+0"]
[Result "0-1"]

1. e4 e6 2. Nc3 Nc6 3. Nf3 Nf6 4. Bb5 Bb4 5. e5 Ng4 6. O-O 
Ncxe5 7. d4 Nxf3+ 8. Qxf3 P@f5 9. N@h5 Rg8 10. Bf4 N@h4 11. Qe2 Nxg2 
12. Kxg2 Bxc3 13. bxc3 P@g6 14. Nxg7+ Rxg7 15. B@h3 N@f6 16. P@f3 h5 17. fxg4 
hxg4 18. Bxg4 fxg4 19. P@h6 P@f3+ 20. Qxf3 gxf3+ 21. Kxf3 
{ChessBritiania resigns} 0-1

[Event "fics rated crazyhouse match"]
[Site "fics, Oklahoma City, OK USA"]
[Date "2000.02.02"]
[White "Firefly"]
[WhiteElo "2535"]
[Black "valdushka"]
[BlackElo "2160"]
[TimeControl "120+0"]
[Result "0-1"]

1. e4 Nf6 2. Nc3 d5 3. exd5 Nxd5 4. Nf3 e6 5. d4 Bb4 6. Bd2 
P@a3 7. Nxd5 Bxd2+ 8. Qxd2 axb2 9. Rb1 exd5 10. B@b4 B@e7 11. N@h5 Rg8 
12. P@e5 N@e4 13. Bb5+ Nc6 14. Bxe7 Qxe7 15. Qe2 B@c3+ 16. Kf1 Bg4 17. Nf4 
Bxf3 18. gxf3 N@d2+ 19. Kg1 Nxb1 20. fxe4 R@e1+ 21. B@f1 Rxe2 22. Bfxe2 Bxd4 
23. B@g3 Nd2 24. R@d1 b1=Q 25. Rxb1 Nxb1 26. Nxd5 P@h3 27. Bf3 R@e1+ 28. N@f1 
P@g2 29. Bxg2 hxg2 30. Kxg2 Bxe5 31. Nxe7 P@f3+ 32. Kxf3 Bxg3 33. P@d7+ Kxd7 
34. Q@g4+ Kxe7 35. Bxc6 Q@e2+ 36. Kxg3 Qxg4+ 37. Kxg4 h5+ 38. Kh3 B@g4# 
{Firefly forfeits on time} 0-1